 Dungeon Crawl Stone Soup version 0.27-a0-1502-g47ed6a6988 (webtiles) character file.

Game seed: 15687477623688316483

58 Sobieck the Chopper (level 4, 0/32 (33) HPs)
             Began as a Formicid Gladiator on July 8, 2021.
             Slain by Crazy Yiuf (1 damage)
             ... on level 2 of the Dungeon.
             The game lasted 00:03:00 (2152 turns).

Sobieck the Chopper (Formicid Gladiator)            Turns: 2152, Time: 00:03:00

HP:   0/32 (33)     AC:  8    Str: 19    XL:     4   Next: 20%
MP:   1/4           EV:  8    Int:  8    God:
Gold: 60            SH:  0    Dex: 12    Spells: 3/3 levels left

rFire    . . .     SeeInvis +   a - +0 war axe {axe}
rCold    . . .     Faith    .   (no shield)
rNeg     . . .     Spirit   .   i - +0 chain mail
rPois    .         Reflect  .   (helmet unavailable)
rElec    .         Harm     .   (no cloak)
rCorr    .         Rampage  .   (no gloves)
Will     .....                  (no boots)
Stlth    ..........             (no amulet)
HPRegen  0.10/turn              (no ring)
MPRegen  0.09/turn              (no ring)

@: lightly drained
A: permanent stasis, dig shafts and tunnels, antennae 3, four strong arms
a: Dig, Shaft Self


You were on level 2 of the Dungeon.
You visited 1 branch of the dungeon, and saw 3 of its levels.

You collected 60 gold pieces.


Innate Abilities, Weirdness & Mutations

You cannot be hasted, slowed, berserked, paralysed or teleported.
You can dig through walls and to a lower floor.
You have a pair of large antennae on your head. (SInv)
Your four strong arms can wield two-handed weapons with a shield.


   Skills:
 - Level 2.1 Fighting
 + Level 4.7 Axes
 - Level 2.0 Throwing
 - Level 2.6 Dodging


You had 3 spell levels left.
You didn't know any spells.
Your spell library contained the following spells:

 Spells                   Type           Power      Damage    Failure   Level
 Poisonous Vapours        Pois/Air       0%         N/A       100%        2
 Mephitic Cloud           Conj/Pois/Air  0%         N/A       100%        3
 Freezing Cloud           Conj/Ice/Air   0%         6-21      100%        5

Inventory:

Hand Weapons
 a - a +0 war axe (weapon) {axe}
Missiles
 c - 3 throwing nets (quivered) {=f!fthrowing}
 d - 105 stones {throwing}
 f - 23 arrows
Armour
 i - a +0 chain mail (worn)
   (You found it on level 1 of the Dungeon)
Scrolls
 e - a scroll of identify {unknown}
 j - a scroll of immolation {unknown}
 k - a scroll of summoning {unknown}
Potions
 b - a potion of haste {unknown}
 g - a potion of lignification {unknown}
 h - 4 potions of heal wounds {unknown}
 l - a potion of mutation {unknown}

Dungeon Overview and Level Annotations

Branches:
Dungeon (3/15)

Altars:

Annotations:
D:2 Crazy Yiuf

########### ##### #.....)....
####...# ########### .....###
### ##.....##♣♣ #### #[#
#.....+..♣ ♣♣#..)# #.# #######
##........♣♣♣♣♣.@g..# #.#
#...... .....#......♣..♣#...#
#.# #.####. ###...)+...♣.♣♣♣
#### #.# #.# #. ###.####♣♣♣♣♣
#.###.# #. #..<..# #.....# #.
#.#.#.########## #####.##### #.
#.#.#.##.......# #..##.#########
#.#.#.#........###..............
#.....##............#..#########


You could see Crazy Yiuf.


Message History

You hit the worm.
You kill the worm!
h - 3 yellow potions (gained 2)
l - a smoky green potion 😕 HP[+1]
You enter the shallow water.
Moving in this stuff is going to be slow.
h - 4 yellow potions (gained 1)
(D) Dungeon
Where to? (Enter - D:3, ? - help)
There is a stone staircase leading up here.
You climb upwards.
There is a stone staircase leading down here. 😕 HP[+1]
Found a stone staircase leading down.
d - 105 stones {throwing} (gained 18) 😎 HP[+2]
Your hp is fully restored (33).
You see here a +0 club {mace}.
There is a stone staircase leading up here.
You sense a monster nearby.
Unknown command.
You see here a +0 dagger {short}.
There is a stone staircase leading up here.
There is a stone staircase leading up here.
Unknown command.
There is a stone staircase leading down here.
You climb downwards.
There is a stone staircase leading up here.
Unknown command.
You climb upwards.
Level annotation: 1 runed translucent door, Crazy Yiuf
There is a stone staircase leading down here.
Crazy Yiuf shouts!
You see here a +0 dagger {short}.
There is a stone staircase leading up here.
A giant cockroach comes into view.
The giant cockroach closely misses you.
The giant cockroach bites you but does no damage.
You slash the giant cockroach!
You kill the giant cockroach!
No target in view!
A kobold comes into view. It is wielding a +0 dagger.
The kobold shouts!
The kobold hits you with a +0 dagger. 😕 HP[-2]
You take 2 damage, and now have 31/33 hp.
You barely miss the kobold. The kobold closely misses you.
You slash the kobold!
You kill the kobold!
No target in view!
No target in view!
No target in view!
Things that are here:
a +0 dagger {short}; a kobold corpse; 😎 HP[+2]
Your hp is fully restored (33).
There is a stone staircase leading up here.
You open the door. Crazy Yiuf hits you but does no damage.
There is an open translucent door here.
Your chain mail prevents you from hitting Crazy Yiuf.
Crazy Yiuf hits you with a +3 quarterstaff of chaos!
You feel your power leaking away. 😕 HP[-8] MP[-3]
You take 8 damage, and now have 25/33 hp.
MASSIVE DAMAGE!! (PAUSE)
You lost 3 mp, and now have 1/4 mp.
You hit Crazy Yiuf. Crazy Yiuf closely misses you.
You barely miss Crazy Yiuf. Crazy Yiuf completely misses you.
Crazy Yiuf hits you with a +3 quarterstaff of chaos.
Crazy Yiuf burns you. 😮 HP[-4]
You take 4 damage, and now have 21/33 hp.
You slash Crazy Yiuf!
Crazy Yiuf whimpers, "Powder!
Lugonu hog forty-two."
Crazy Yiuf hits you but does no damage.
Unknown command.
You closely miss Crazy Yiuf. Crazy Yiuf closely misses you.
You hit Crazy Yiuf but do no damage.
Crazy Yiuf cries, "Shower green hand!"
Crazy Yiuf hits you with a +3 quarterstaff of chaos.
You feel drained. 😮 HP[-3]
You now have 32 max hp (-1).
You take 3 damage, and now have 18/32 hp.
You barely miss Crazy Yiuf.
Crazy Yiuf hits you with a +3 quarterstaff of chaos!
* * * LOW HITPOINT WARNING * * *
Crazy Yiuf freezes you.
* * * LOW HITPOINT WARNING * * *
Crazy Yiuf barely misses you. 😱 HP[-12]
You take 12 damage, and now have 6/32 hp.
MASSIVE DAMAGE!! (PAUSE)
You hit Crazy Yiuf.
Crazy Yiuf flaps his cloak.
Crazy Yiuf hits you with a +3 quarterstaff of chaos.
* * * LOW HITPOINT WARNING * * *
Crazy Yiuf freezes you.
You die...

Skill      XL: |  1  2 |
---------------+-------+-----
Axes           | 4 |  4.7
Fighting       | |  2.1
Throwing       | |  2.0
Dodging        | |  2.6

Action                   |  1- 3 |  4- 6 || total
-------------------------+-------+-------++-------
Melee: War axe           |    78 |    17 ||    95
 Stab: Sleeping          |     1 |       ||     1
Armor: Chain mail        |    57 |     4 ||    61
Dodge: Dodged            |    32 |     7 ||    39

Levels and vault maps discovered:
D:1:      minmay_arrival_four_houses, layout_loops_ring
D:2:      layout_loops_ring, shapermc_ecumenical_altar_flowoftime,
          minmay_tetromino_i2, uniq_crazy_yiuf_cottage
D:3:      layout_loops_ring, dk_vineyard_3

Notes
Turn   | Place    | Note
-------+----------+-------------------------------------------
     0 | D:1      | Sobieck the Formicid Gladiator began the quest for the Orb.
     0 | D:1      | Reached XP level 1. HP: 16/16 MP: 1/1
     0 | D:1      | magus.rc [v1.9.6]
   576 | D:1      | Reached XP level 2. HP: 15/22 MP: 2/2
  1092 | D:2      | Reached skill level 4 in Axes
  1092 | D:2      | Reached XP level 3. HP: 26/27 MP: 3/3
  1310 | D:2      | You pick up a book of Vapours and begin reading...
  1310 | D:2      | You add the spells Poisonous Vapours, Mephitic Cloud and
                  | Freezing Cloud to your library.
  1403 | D:2      | Found a faded altar of an unknown god.
  1655 | D:2      | Reached XP level 4. HP: 32/33 MP: 4/4
  1874 | D:2      | Found a runed translucent door.
  1875 | D:2      | Noticed Crazy Yiuf
  2151 | D:2      | HP: 6/32 [Crazy Yiuf (4)]
  2152 | D:2      | HP: 1/32 [Crazy Yiuf (5)]
  2152 | D:2      | Slain by Crazy Yiuf

Vanquished Creatures
  2 adders (D:2)
  A worm (D:3)
  A dart slug (D:2)
  5 endoplasms
  2 giant cockroaches
  3 goblins
  3 hobgoblins
  A quokka (D:2)
  5 ball pythons
  4 bats
  A frilled lizard (D:1)
  5 kobolds
  3 rats (D:2)
36 creatures vanquished.

Table legend:
 A = Non-vault XP
 B = Vault XP
 C = Vault XP percentage of total XP
 D = Non-vault monster count
 E = Vault monster count
 F = Vault count percentage of total count
                 A         B        C        D         E       F
            +---------+---------+-------+---------+---------+-------
      Total |      70 |      13 |  15.7 |      35 |       1 |   2.8
            +---------+---------+-------+---------+---------+-------
        D:1 |      21 |       0 |   0.0 |      14 |       0 |   0.0
        D:2 |      44 |      13 |  22.8 |      20 |       1 |   4.8
        D:3 |       5 |       0 |   0.0 |       1 |       0 |   0.0
            +---------+---------+-------+---------+---------+-------

Illustrated notes

Table legend:
 A = Kills in this place as a percentage of kills in entire the game.
 B = Kills by you in this place as a percentage of kills by you in the entire game.
 C = Kills by friends in this place as a percentage of kills by friends in the entire game.
 D = Other kills in this place as a percentage of other kills in the entire game.
 E = Experience gained in this place as a percentage of experience gained in the entire game.
 F = Experience gained in this place divided by the number of levels of this place that you have seen.
                   A       B       C       D       E      F
               +-------+-------+-------+-------+-------+----------------------
         Total | 100.0 | 100.0 |   N/A |   N/A | 100.0 |  27.7
       Dungeon | 100.0 | 100.0 |   N/A |   N/A | 100.0 |  27.7
               +-------+-------+-------+-------+-------+----------------------

Table legend: (Time is in decaauts)
 A = Elapsed time spent in this place.
 B = Non-inter-level travel time spent in this place.
 C = Inter-level travel time spent in this place.
 D = Time resting spent in this place.
 E = Time spent auto-exploring this place.
 F = Levels seen in this place.
 G = Mean time per level.
                   A        B        C        D        E       F      G
               +--------+--------+--------+--------+--------+-----+--------+
         Total |   2188 |   1953 |    235 |    422 |   1189 |   3 |  729.3 |
       Dungeon |   2188 |   1953 |    235 |    422 |   1189 |   3 |  729.3 |
               +--------+--------+--------+--------+--------+-----+--------+

Top non-repeatable levels by time:
     D:1: 1077 daAuts
     D:2: 1065 daAuts
     D:3: 46 daAuts
